 Dungeon Crawl Stone Soup version 0.18-a0-1778-gadce9fa (webtiles) character file.

2943 Ijustatesigmund the Grappler (level 9, -4/93 HPs)
             Began as a Troll Transmuter on Apr 16, 2016.
             Killed by the air
             ... invoked by Gastronok
              (29 damage)
             ... on level 8 of the Dungeon.
             The game lasted 00:15:58 (6045 turns).

Ijustatesigmund the Grappler (Troll Transmuter)     Turns: 6045, Time: 00:16:00

Health: -4/93      AC: 11    Str: 20    XL:     9   Next: 51%
Magic:  9/9        EV: 10    Int: 11    God:
Gold:   274        SH:  0    Dex: 13    Spells: 1 memorised, 9 levels left

rFire  . . .     SeeInvis +       - Unarmed
rCold  . . .     Gourm    +     b - +0 robe
rNeg   . . .     Faith    .     (no shield)
rPois  .         Spirit   .     (helmet restricted)
rElec  .         Dismiss  .     (no cloak)
rCorr  .         Reflect  .     (gloves unavailable)
SustAt .         Harm     .     (boots unavailable)
MR     .....                    (no amulet)
Stlth  +.........               q - +4 ring of protection
                                v - ring of see invisible

@: not resistant to hostile enchantments, very unstealthy
A: unfitting armour, claws 3, yellow scales 1, clever 1, fast metabolism 3,
gourmand, regeneration 2, shaggy fur 1, tough skin 2, evolution 1
a: no special abilities


You were on level 8 of the Dungeon.
You were very full.

You visited 1 branch of the dungeon, and saw 8 of its levels.
You also visited: Sewer.

You collected 274 gold pieces.

Inventory:

Hand Weapons
 m - a +0 giant spiked club
Missiles
 a - 83 arrows
 l - 12 arrows of flame
 y - 2 throwing nets (quivered)
Armour
 b - a +0 robe (worn)
Jewellery
 i - a +3 ring of intelligence
 q - a +4 ring of protection (right claw)
 v - a ring of see invisible (left claw)
Wands
 e - a wand of iceblast (5/15)
 r - a wand of lightning (10/15)
 D - a wand of enslavement (7/24)
Scrolls
 f - 7 scrolls of remove curse
 n - 2 scrolls of identify
 o - 3 scrolls of teleportation
 w - a scroll of blinking
Potions
 j - a potion of curing
 k - 2 potions of brilliance
 p - a potion of lignification
 s - 2 potions of cancellation
 t - 2 potions of cure mutation
 x - 5 potions of flight
 z - a potion of ambrosia
 B - a potion of mutation {unknown}
Books
 c - a book of Changes

   Spells                             Type                      Level
   a - Beastly Appendage              Transmutation                1
   b - Sticks to Snakes               Transmutation                2
   c - Spider Form                    Transmutation/Poison         3
   d - Ice Form                       Ice/Transmutation            4
   e - Blade Hands                    Transmutation                5
 A - a book of Unlife

   Spells                             Type                      Level
   a - Recall                         Summoning/Translocation      3
   b - Animate Dead                   Necromancy                   4
   c - Control Undead                 Necromancy                   4
   d - Cigotuvi's Embrace             Necromancy                   5
   e - Death Channel                  Necromancy                   6
   f - Simulacrum                     Ice/Necromancy               6
Comestibles
 d - 7 bread rations
 g - 3 beef jerkies
 h - 3 meat rations
 u - 4 fruits


   Skills:
 - Level 7.1 Fighting
 + Level 3.3 Throwing
 - Level 1.5 Dodging
 + Level 9.8 Unarmed Combat
 - Level 1.2 Spellcasting
 - Level 1.3 Transmutations


You had 9 spell levels left.
You knew the following spells:

 Your Spells              Type           Power        Failure   Level  Hunger
a - Beastly Appendage     Trmt           #.....       21%         1    ##.....


Dungeon Overview and Level Annotations

Branches:
Dungeon (8/15)             Temple (0/1) D:6
   Lair: D:8-11

Altars:
Nemelex Xobeh
Qazlal
Ru
Sif Muna
Trog
Yredelemnul
The Shining One

Annotations:
D:8 Gastronok


Innate Abilities, Weirdness & Mutations

You are too large for most types of armour.
You have claws for hands.
Your metabolism is lightning-fast.
You like to eat raw meat.
You heal very quickly.
You are covered in fur (AC +1).
You have very tough skin (AC +2).
You are partially covered in yellow scales (AC +2).
Your mind is acute. (Int +2)
You evolve.


Message History

Gastronok is almost dead.
The rat closely misses you.
The quokka bites you but does no damage.
Gastronok bites you!!
* * * LOW HITPOINT WARNING * * *
The quokka completely misses you. The adder bites you but does no damage.
You scratch Gastronok but do no damage.
Gastronok is almost dead.
The river rat barely misses you. The rat bites you but does no damage.
The quokka bites you but does no damage.
The adder barely misses you.
The quokka bites you but does no damage.
You scratch Gastronok.
Gastronok is almost dead.
The river rat bites you but does no damage.
The rat closely misses you.
The quokka bites you but does no damage.
Gastronok waves his eye-stalks in wide circles.
The air twists around and strikes you!
You die...

##### #... #########
######.### #.......#
#......... #...rrr.#
#.###..###
#...w@..#####.##...##
#...rS........#.....##
#.......########......
#.......# ##.####
#)......# #.#
####..... #.# #...####
#+# #...# ....


You could see Gastronok, an adder, a river rat, 2 quokkas and a rat.

Vanquished Creatures
  Pikel (D:6)
  A water moccasin (D:6)
  Duvessa (D:6)
  A slave (D:6)
  An orc warrior (D:6)
  5 ogres
  2 phantoms
  2 centaurs
  3 giant frogs
  A gnoll sergeant (D:6)
  A water moccasin skeleton (D:7)
  A scorpion (D:4)
  Dowan (D:6)
  A howler monkey (D:8)
  2 crimson imps (D:6)
  A hound (D:7)
  6 orc priests
  2 giant frog skeletons
  A centaur skeleton (D:7)
  An iguana (D:6)
  5 orc wizards
  8 worker ants
  A hound zombie (D:6)
  A worker ant zombie (D:6)
  3 gnolls (D:5)
  7 adders
  A howler monkey skeleton (D:4)
  2 river rats (D:3)
  4 oozes (Sewer)
  An adder skeleton (D:5)
  6 worms
  2 dart slugs
  8 giant geckos
  20 orcs
  9 giant cockroaches
  8 goblins
  15 hobgoblins
  17 jackals
  5 kobolds
  2 quokkas
  3 ball pythons
  13 bats
  A giant gecko skeleton (D:4)
  3 giant newts
  A jackal zombie (D:5)
  11 rats
192 creatures vanquished.

Vanquished Creatures (others)
  3 slaves (D:6)
  2 giant frogs (D:6)
  A gnoll sergeant (D:6)
  A gnoll shaman (D:6)
  A worker ant (D:6)
  A gnoll (D:6)
  A jackal (D:6)
10 creatures vanquished.

Grand Total: 202 creatures vanquished

Notes
Turn   | Place    | Note
--------------------------------------------------------------
     0 | D:1      | Ijustatesigmund the Troll Transmuter began the quest for the Orb.
     0 | D:1      | Reached XP level 1. HP: 18/18 MP: 1/1
    66 | D:1      | Reached skill level 1 in Fighting
   149 | D:1      | Reached XP level 2. HP: 20/27 MP: 2/2
   472 | D:1      | Reached XP level 3. HP: 33/33 MP: 3/3
   858 | D:2      | Reached skill level 4 in Unarmed Combat
  1266 | D:3      | Reached XP level 4. HP: 37/42 MP: 4/4
  1546 | D:3      | Reached XP level 5. HP: 50/50 MP: 5/5
  1734 | D:3      | Found a bloodstained altar of Trog.
  1923 | D:3      | Found a glowing drain.
  1933 | Sewer    | Entered a sewer
  2356 | Sewer    | Gained mutation: You evolve. [potion of beneficial mutation]
  2490 | Sewer    | Reached skill level 5 in Unarmed Combat
  2646 | Sewer    | Gained mutation: Your mind is acute. (Int +2) [evolution]
  2778 | D:4      | Noticed an ogre
  2791 | D:4      | Killed an ogre
  2791 | D:4      | Reached XP level 6. HP: 50/61 MP: 6/6
  2969 | D:4      | Found a sacrificial altar of Ru.
  3052 | D:4      | Reached skill level 6 in Unarmed Combat
  3052 | D:4      | Reached XP level 7. HP: 25/71 MP: 7/7
  3410 | D:5      | Entered Level 5 of the Dungeon
  3655 | D:5      | Reached skill level 5 in Fighting
  3819 | D:5      | Reached skill level 7 in Unarmed Combat
  4195 | D:5      | Reached XP level 8. HP: 75/81 MP: 8/8
  4301 | D:6      | Found a glowing golden altar of the Shining One.
  4310 | D:6      | Found a basalt altar of Yredelemnul.
  4342 | D:6      | Noticed Pikel
  4363 | D:6      | Killed Pikel
  4363 | D:6      | Reached skill level 8 in Unarmed Combat
  4543 | D:6      | Found a sparkling altar of Nemelex Xobeh.
  4607 | D:6      | Found a staircase to the Ecumenical Temple.
  4694 | D:6      | Noticed Dowan
  4695 | D:6      | Noticed Duvessa
  4704 | D:6      | Killed Dowan
  4709 | D:6      | Killed Duvessa
  4709 | D:6      | Reached XP level 9. HP: 26/93 MP: 9/9
  4896 | D:6      | Reached skill level 9 in Unarmed Combat
  5291 | D:6      | Noticed an angel
  5306 | D:6      | Reached skill level 1 in Throwing
  5456 | D:7      | Found a deep blue altar of Sif Muna.
  5688 | D:7      | Found a stormy altar of Qazlal.
  5840 | D:7      | Gained mutation: You are partially covered in yellow scales (AC +2). [evolution]
  6019 | D:8      | Noticed Gastronok
  6045 | D:8      | Killed from afar by Gastronok

Vault maps used:
D:1:      lightli_arrival_statue_moat, minmay_hedge_maze
D:2:      first_bread
D:3:      portal_sewer_entry_e, trog_hazing_becter
D:4:      hangedman_ru_absence
D:6:      grunt_temple_overflow_holy_war, minmay_temple_entry_glassed_door,
          grunt_ministairs_7, kennysheep_doodads, nemelex_deck, uniq_pikel,
          uniq_duvessa
D:7:      led_sif_pool, nicolae_qazlal_eye_of_the_storm
D:8:      grunt_temple_overflow_lords_of_destruction, uniq_gastronok, uniq_erica
Sewer:    sewer_fruit_machine

Skill      XL: |  1  2  3  4  5  6  7  8  9 |
---------------+----------------------------+-----
Fighting       | 1 2 3 4 5 7 |  7.1
Unarmed Combat | 4 5 6 7 8 9 |  9.8
Throwing       | 3 |  3.3
Dodging        | |  1.5
Spellcasting   | |  1.2
Transmutations | |  1.3

Action                   |  1- 3 |  4- 6 |  7- 9 || total
-------------------------+-------+-------+-------++-------
Melee: Unarmed           |   137 |   218 |   293 ||   648
       Punch             |       |     2 |    10 ||    12
       Headbutt          |       |       |     2 ||     2
       Kick              |       |       |     3 ||     3
Throw: Throwing net      |       |       |     2 ||     2
 Cast: Beastly Appendage |     1 |       |     4 ||     5
  Use: Potion            |       |     5 |     1 ||     6
       Scroll            |       |    14 |     4 ||    18
 Stab: Sleeping          |     1 |       |     2 ||     3
       Held in net/web   |       |       |     4 ||     4
  Eat: Chunk             |    12 |    23 |    26 ||    61
Armor: Robe              |    56 |   105 |   115 ||   276
Dodge: Dodged            |    86 |   150 |   164 ||   400
